3R
BOMPTON BABY LAKERS @ BALLARD BEAVERS
08/09/2041
 
TOP OF THE 1ST
Bompton Baby Lakers batting - Pitching for Ballard Beavers : LHP Mercedes Bvan
Pitching: LHP Mercedes Bvan
Batting: RHB Dave Reynolds 0-0: Called Strike
0-1: Called Strike
0-2: Ball
1-2: Foul Ball, location: 2F
1-2: Ball
2-2: Strikes out swinging passed ball, reaches first!
Batting: RHB Marvin Russell 0-0: Ball
1-0: Called Strike
1-1: Ball
2-1: Called Strike
2-2: Strikes out looking
Batting: RHB Jochen Nelis 0-0: Ball
1-0: Called Strike
1-1: SINGLE (Groundball, 56D, EV 100.0 MPH)
Dave Reynolds to second
Batting: RHB Keaton Sturge 0-0: Called Strike
0-1: Called Strike
0-2: Foul Ball, location: 2F
0-2: Ball
1-2: Fly out, F2 (Popup, 23F, EV 85.0 MPH)
Batting: RHB Jason Wilson 0-0: Ball
1-0: Foul Ball, location: 2F
1-1: Ball
2-1: Ball
3-1: Called Strike
3-2: Strikes out looking
Top of the 1st over - 0 runs, 1 hit, 0 errors, 2 left on base; Bompton 0 - Ballard 0
BOTTOM OF THE 1ST
Ballard Beavers batting - Pitching for Bompton Baby Lakers : RHP Urs Bilderbeek
Pitching: RHP Urs Bilderbeek
Batting: RHB Eli Johnson 0-0: Ball
1-0: Called Strike
1-1: Ball
2-1: Ball
3-1: Base on Balls
Batting: LHB Desi Lińares 0-0: Called Strike
0-1: Foul Ball, location: 2F
0-2: Foul Ball, location: 2F
0-2: Ball
Eli Johnson steals 2nd base
1-2: Ball
2-2: SINGLE (Line Drive, 34D, EV 109.4 MPH)
Eli Johnson to third
Runner from 3rd tries for Home, SAFE, throw by RF to home
Batting: RHB Eldon Broadus 0-0: Fly out, F8 (Flyball, 78M, EV 83.1 MPH)
Batting: RHB Sergio Estrada 0-0: SINGLE (Groundball, 4, EV 103.8 MPH) (infield hit)
Desi Lińares to second
Batting: RHB Kevin Neal 0-0: Ball
1-0: Foul Ball, location: 2F
1-1: Ball
2-1: Ball
3-1: Base on Balls
Desi Lińares to third
Sergio Estrada to second
Batting: RHB John Reed 0-0: Ball
1-0: Swinging Strike
1-1: Foul Ball, location: 2F
1-2: Ball
2-2: DOUBLE (Line Drive, 89D, EV 105.0 MPH)
Desi Lińares scores
Sergio Estrada scores
Kevin Neal to third
Runner from 3rd tries for Home, SAFE, throw by RF to trailing runner, SAFE at third!
Batting: RHB Suk-jin Yi 0-0: Foul Ball, location: 2F
0-1: Foul Ball, location: 2F
0-2: Foul Ball, location: 2F
0-2: Ball
1-2: Ball
2-2: Fly out, F6 (Line Drive, 6, EV 67.5 MPH)
Batting: LHB Bill Bass 0-0: Called Strike
0-1: Called Strike
0-2: Ball
1-2: SINGLE (Line Drive, 5D, EV 101.2 MPH)
John Reed scores
Batting: RHB Jim McDermott 0-0: Called Strike
0-1: Fly out, F9 (Line Drive, 9D, EV 100.6 MPH)
Bottom of the 1st over - 5 runs, 4 hits, 0 errors, 1 left on base; Bompton 0 - Ballard 5
TOP OF THE 2ND
Bompton Baby Lakers batting - Pitching for Ballard Beavers : LHP Mercedes Bvan
Batting: RHB Tim Rowland 0-0: Ball
1-0: Foul Ball, location: 2F
1-1: Swinging Strike
1-2: Strikes out swinging
Batting: LHB Júlio Silva 0-0: Ball
1-0: Ball
2-0: Foul Ball, location: 2F
2-1: Ball
3-1: Foul Ball, location: 2F
3-2: Strikes out looking
Batting: RHB Kobbe Elders 0-0: Called Strike
0-1: Foul Ball, location: 2F
0-2: Strikes out swinging
Top of the 2nd over - 0 runs, 0 hits, 0 errors, 0 left on base; Bompton 0 - Ballard 5
BOTTOM OF THE 2ND
Ballard Beavers batting - Pitching for Bompton Baby Lakers : RHP Urs Bilderbeek
Batting: RHB Eli Johnson 0-0: Called Strike
0-1: Fly out, F9 (Flyball, 9, EV 85.6 MPH)
Batting: LHB Desi Lińares 0-0: Swinging Strike
0-1: Ball
1-1: Foul Ball, location: 2F
1-2: Foul Ball, location: 2F
1-2: Ball
2-2: Ground out 4-3 (Groundball, 4M, EV 86.2 MPH)
Batting: RHB Eldon Broadus 0-0: Foul Ball, location: 2F
0-1: Fly out, F9 (Line Drive, 9, EV 98.8 MPH)
Bottom of the 2nd over - 0 runs, 0 hits, 0 errors, 0 left on base; Bompton 0 - Ballard 5
TOP OF THE 3RD
Bompton Baby Lakers batting - Pitching for Ballard Beavers : LHP Mercedes Bvan
Batting: RHB David Taylor 0-0: Swinging Strike
0-1: Swinging Strike
0-2: Strikes out looking
Batting: RHB Dave Reynolds 0-0: Foul Ball, location: 2F
0-1: Ball
1-1: Ball
2-1: Ground out 1-3 (Groundball, 15S, EV 64.4 MPH)
Batting: RHB Marvin Russell 0-0: Ground out 5-3 (Groundball, 5S, EV 93.1 MPH)
Top of the 3rd over - 0 runs, 0 hits, 0 errors, 0 left on base; Bompton 0 - Ballard 5
BOTTOM OF THE 3RD
Ballard Beavers batting - Pitching for Bompton Baby Lakers : RHP Urs Bilderbeek
Batting: RHB Sergio Estrada 0-0: Called Strike
0-1: Swinging Strike
0-2: Fly out, F7 (Flyball, 7LS, EV 86.9 MPH)
Batting: RHB Kevin Neal 0-0: Called Strike
0-1: Ball
1-1: Ball
2-1: SINGLE (Line Drive, 8RS, EV 100.0 MPH)
Batting: RHB John Reed 0-0: Ball
1-0: Fielders Choice at 2nd, 6-4 (Groundball, 6, EV 98.1 MPH)
Batting: RHB Suk-jin Yi 0-0: Foul Ball, location: 2F
0-1: Ball
1-1: Swinging Strike
1-2: Fly out, F4 (Line Drive, 4, EV 77.5 MPH)
Bottom of the 3rd over - 0 runs, 1 hit, 0 errors, 1 left on base; Bompton 0 - Ballard 5
TOP OF THE 4TH
Bompton Baby Lakers batting - Pitching for Ballard Beavers : LHP Mercedes Bvan
Batting: RHB Jochen Nelis 0-0: Fly out, F6 (Popup, 15, EV 70.6 MPH)
Batting: RHB Keaton Sturge 0-0: Called Strike
0-1: Ball
1-1: Ground out 6-3 (Groundball, 6, EV 89.4 MPH)
Batting: RHB Jason Wilson 0-0: Swinging Strike
0-1: Ball
1-1: Ball
2-1: Fly out, F3 (Popup, 3S, EV 81.9 MPH)
Top of the 4th over - 0 runs, 0 hits, 0 errors, 0 left on base; Bompton 0 - Ballard 5
BOTTOM OF THE 4TH
Ballard Beavers batting - Pitching for Bompton Baby Lakers : RHP Urs Bilderbeek
Batting: LHB Bill Bass 0-0: Ball
1-0: Fly out, F9 (Line Drive, 9, EV 88.1 MPH)
Now at 1B: Leonardo Valdéz
Batting: RHB Jim McDermott 0-0: Called Strike
0-1: Ground out 5-3 (Groundball, 56, EV 89.4 MPH)
Batting: RHB Eli Johnson 0-0: Swinging Strike
0-1: Foul Ball, location: 2F
0-2: Fly out, F7 (Flyball, 78M, EV 87.5 MPH)
Bottom of the 4th over - 0 runs, 0 hits, 0 errors, 0 left on base; Bompton 0 - Ballard 5
TOP OF THE 5TH
Bompton Baby Lakers batting - Pitching for Ballard Beavers : LHP Mercedes Bvan
Batting: RHB Tim Rowland 0-0: Swinging Strike
0-1: Ball
1-1: Reached on error, E6 (Groundball, 6, EV 82.5 MPH)
Batting: LHB Júlio Silva 0-0: Called Strike
0-1: Ball
1-1: Ball
2-1: Foul Ball, location: 2F
2-2: Strikes out swinging
Batting: RHB Kobbe Elders 0-0: Ball
1-0: Ball
2-0: Grounds into double play, 5-4-3 (Groundball, 56, EV 103.1 MPH)
Top of the 5th over - 0 runs, 0 hits, 1 error, 0 left on base; Bompton 0 - Ballard 5
BOTTOM OF THE 5TH
Ballard Beavers batting - Pitching for Bompton Baby Lakers : RHP Urs Bilderbeek
Batting: LHB Desi Lińares 0-0: Foul Ball, location: 2F
0-1: Ball
1-1: Called Strike
1-2: Ball
2-2: Strikes out swinging
Batting: RHB Eldon Broadus 0-0: Ball
1-0: Called Strike
1-1: Swinging Strike
1-2: Strikes out swinging
Batting: RHB Sergio Estrada 0-0: Ball
1-0: Ball
2-0: Foul Ball, location: 2F
2-1: Called Strike
2-2: Ground out 6-3 (Groundball, 6, EV 85.6 MPH)
Bottom of the 5th over - 0 runs, 0 hits, 0 errors, 0 left on base; Bompton 0 - Ballard 5
TOP OF THE 6TH
Bompton Baby Lakers batting - Pitching for Ballard Beavers : LHP Mercedes Bvan
Batting: RHB David Taylor 0-0: Ball
1-0: Ball
2-0: Ball
3-0: Base on Balls
Batting: LHB Leonardo Valdéz 0-0: Ball
1-0: Fielders Choice at 2nd, 4-6 (Groundball, 4, EV 83.1 MPH)
Batting: RHB Marvin Russell 0-0: Ball
1-0: Ball
2-0: Ball
3-0: Called Strike
3-1: Foul Ball, location: 2F
3-2: Strikes out looking
Batting: RHB Jochen Nelis 0-0: Called Strike
0-1: SINGLE (Groundball, 4S, EV 65.0 MPH) (infield hit)
Leonardo Valdéz to second
Batting: RHB Keaton Sturge 0-0: Reached on error, E5 (Groundball, 56S, EV 75.0 MPH)
Leonardo Valdéz to third
Jochen Nelis to second
Batting: RHB Jason Wilson 0-0: Called Strike
0-1: Foul Ball, location: 2F
0-2: Foul Ball, location: 2F
0-2: Foul Ball, location: 2F
0-2: Ball
1-2: Reached via error on a dropped throw from SS, E4 (Groundball, 6, EV 87.5 MPH)
Leonardo Valdéz scores
Jochen Nelis to third
Keaton Sturge to second
Batting: RHB Tim Rowland 0-0: Ball
1-0: Foul Ball, location: 2F
1-1: Ball
2-1: Foul Ball, location: 2F
2-2: Strikes out looking
Top of the 6th over - 1 run, 1 hit, 2 errors, 3 left on base; Bompton 1 - Ballard 5
BOTTOM OF THE 6TH
Ballard Beavers batting - Pitching for Bompton Baby Lakers : RHP Urs Bilderbeek
Batting: RHB Kevin Neal 0-0: Called Strike
0-1: Foul Ball, location: 2F
0-2: Ball
1-2: Ball
2-2: Ball
3-2: Fly out, F8 (Line Drive, 8RM, EV 91.9 MPH)
Batting: RHB John Reed 0-0: Ball
1-0: Foul Ball, location: 2F
1-1: Called Strike
1-2: Ball
2-2: Foul Ball, location: 2F
2-2: Foul Ball, location: 2F
2-2: SINGLE (Groundball, 34D, EV 102.5 MPH)
Pitching: RHP Noah Birkbeck
Batting: RHB Suk-jin Yi 0-0: Ball
1-0: Fly out, F9 (Flyball, 9LD, EV 95.0 MPH)
Batting: LHB Bill Bass 0-0: Ball
1-0: Swinging Strike
1-1: Ball
2-1: SINGLE (Line Drive, 89M, EV 93.8 MPH)
John Reed to second
Runner from 2nd tries for 3rd, SAFE, no throw by RF
Batting: RHB Jim McDermott 0-0: Ball
1-0: Swinging Strike
1-1: Fly out, F9 (Flyball, 9LM, EV 92.5 MPH)
Bottom of the 6th over - 0 runs, 2 hits, 0 errors, 2 left on base; Bompton 1 - Ballard 5
TOP OF THE 7TH
Bompton Baby Lakers batting - Pitching for Ballard Beavers : LHP Mercedes Bvan
Pitching: RHP Bernd Elders
Now at SS: Quentin Meadmore
Batting: LHB Júlio Silva 0-0: Called Strike
0-1: Hit by Pitch
Pinch Runner at 1st Duane Coleman:
Batting: RHB Kobbe Elders 0-0: Ball
1-0: Called Strike
1-1: Ball
2-1: Ball
3-1: Fly out, F7 (Flyball, 7S, EV 90.6 MPH)
Batting: RHB David Taylor 0-0: Swinging Strike
0-1: Ball
1-1: Ball
2-1: Foul Ball, location: 2F
2-2: Strikes out looking
Batting: LHB Leonardo Valdéz 0-0: Ball
1-0: Called Strike
1-1: Called Strike
1-2: Strikes out swinging
Top of the 7th over - 0 runs, 0 hits, 0 errors, 1 left on base; Bompton 1 - Ballard 5
BOTTOM OF THE 7TH
Ballard Beavers batting - Pitching for Bompton Baby Lakers : RHP Noah Birkbeck
Now in RF: Duane Coleman
Batting: RHB Eli Johnson 0-0: Called Strike
0-1: Ball
1-1: Foul Ball, location: 2F
1-2: Foul Ball, location: 2F
1-2: Ball
2-2: Ball
3-2: Foul Ball, location: 2F
3-2: Foul Ball, location: 2F
3-2: Fly out, F6 (Popup, 6M, EV 51.9 MPH)
Batting: RHB Quentin Meadmore 0-0: Called Strike
0-1: Foul Ball, location: 2F
0-2: Ball
1-2: SINGLE (Line Drive, 8RS, EV 96.2 MPH)
Pitching: LHP Pat Pierce
Batting: RHB Eldon Broadus 0-0: Ball
1-0: Called Strike
1-1: Called Strike
1-2: Foul Ball, location: 2F
1-2: Foul Ball, location: 2F
1-2: Ball
2-2: SINGLE (Flyball, 9LM, EV 90.0 MPH)
Quentin Meadmore to second
Pitching: LHP Rick Baker
Batting: RHB Sergio Estrada 0-0: Foul Ball, location: 2F
0-1: Ball
1-1: Ball
2-1: Swinging Strike
2-2: Ball
3-2: Strikes out swinging
Batting: RHB Kevin Neal 0-0: Ball
1-0: Called Strike
1-1: Swinging Strike
1-2: Ball
2-2: Single, Error in OF, E9, batter to second base (Groundball, 34D, EV 95.6 MPH)
Quentin Meadmore scores
Eldon Broadus to third
Batting: RHB John Reed 0-0: Ball
1-0: Foul Ball, location: 2F
1-1: Foul Ball, location: 2F
1-2: Foul Ball, location: 2F
1-2: Fly out, F7 (Flyball, 7S, EV 78.8 MPH)
Bottom of the 7th over - 1 run, 3 hits, 1 error, 2 left on base; Bompton 1 - Ballard 6
TOP OF THE 8TH
Bompton Baby Lakers batting - Pitching for Ballard Beavers : RHP Bernd Elders
Batting: RHB Marvin Russell 0-0: Foul Ball, location: 2F
0-1: Ball
1-1: Foul Ball, location: 2F
1-2: Ground out 6-3 (Groundball, 56, EV 104.4 MPH)
Batting: RHB Jochen Nelis 0-0: Foul Ball, location: 2F
0-1: Swinging Strike
0-2: Ball
1-2: Strikes out swinging
Batting: RHB Keaton Sturge 0-0: Ball
1-0: Ball
2-0: Ball
3-0: Called Strike
3-1: Base on Balls
Batting: RHB Jason Wilson 0-0: Ball
1-0: Ball
2-0: Ball
3-0: Called Strike
3-1: Base on Balls
Keaton Sturge to second
Batting: RHB Tim Rowland 0-0: Called Strike
0-1: Swinging Strike
0-2: Ball
1-2: Ball
2-2: Foul Ball, location: 2F
2-2: Strikes out swinging
Top of the 8th over - 0 runs, 0 hits, 0 errors, 2 left on base; Bompton 1 - Ballard 6
BOTTOM OF THE 8TH
Ballard Beavers batting - Pitching for Bompton Baby Lakers : LHP Rick Baker
Batting: RHB Suk-jin Yi 0-0: Ball
1-0: Ball
2-0: Swinging Strike
2-1: Foul Ball, location: 2F
2-2: Foul Ball, location: 2F
2-2: Foul Ball, location: 2F
2-2: Foul Ball, location: 2F
2-2: Foul Ball, location: 2F
2-2: Ball
3-2: SINGLE (Groundball, 56D, EV 95.6 MPH)
Batting: LHB Bill Bass 0-0: Swinging Strike
0-1: Called Strike
0-2: Foul Ball, location: 2F
0-2: Ball
1-2: Strikes out swinging
Batting: RHB Jim McDermott 0-0: Called Strike
0-1: Ball
1-1: Swinging Strike
1-2: Strikes out swinging
Batting: RHB Eli Johnson 0-0: Called Strike
0-1: Swinging Strike
0-2: DOUBLE (Line Drive, 3D, EV 95.6 MPH)
Suk-jin Yi to third
Runner from 3rd tries for Home, SAFE, throw by RF to home
Batting: RHB Quentin Meadmore 0-0: Ball
1-0: Foul Ball, location: 2F
1-1: Called Strike
1-2: Foul Ball, location: 2F
1-2: Strikes out swinging
Bottom of the 8th over - 1 run, 2 hits, 0 errors, 1 left on base; Bompton 1 - Ballard 7
TOP OF THE 9TH
Bompton Baby Lakers batting - Pitching for Ballard Beavers : RHP Bernd Elders
Batting: RHB Duane Coleman 0-0: Hit by Pitch
Batting: RHB Kobbe Elders 0-0: Ball
1-0: Swinging Strike
1-1: Grounds into double play, 4-6-3 (Groundball, 4, EV 82.5 MPH)
Batting: RHB David Taylor 0-0: Foul Ball, location: 2F
0-1: Ball
1-1: Foul Ball, location: 2F
1-2: Ball
2-2: Foul Ball, location: 2F
2-2: Ball
3-2: DOUBLE (Line Drive, 89D, EV 111.9 MPH) - OUT at third base trying to stretch hit.
Top of the 9th over - 0 runs, 1 hit, 0 errors, 0 left on base; Bompton 1 - Ballard 7
Tuesday, January 5th, 2021 - OOTP Baseball 20.8 Build 74